 Dungeon Crawl Stone Soup version 0.19.1-1-g22dce08 (webtiles) character file.

316 galech the Ruffian (level 6, -5/62 HPs)
             Began as a Troll Monk on Dec 31, 2016.
             Killed by divine providence
             ... invoked by an orc priest
              (12 damage)
             ... on level 4 of the Dungeon.
             The game lasted 00:06:11 (2483 turns).

galech the Ruffian (Troll Monk)                     Turns: 2483, Time: 00:06:11

Health: -5/62      AC:  7    Str: 22    XL:     6   Next: 20%
Magic:  5/5        EV: 11    Int:  6    God:
Gold:   160        SH:  0    Dex: 12    Spells: 0 memorised, 5 levels left

rFire  . . .     SeeInvis .       - Unarmed
rCold  . . .     Gourm    +     k - +2 animal skin
rNeg   . . .     Faith    .     (no shield)
rPois  .         Spirit   .     (helmet restricted)
rElec  .         Reflect  .     (no cloak)
rCorr  .         Harm     .     (gloves unavailable)
MR     .....                    (boots unavailable)
Stlth  ++........               (no amulet)
                                (no ring)
                                (no ring)

@: lethally poisoned (-5 -> -7)
A: unfitting armour, claws 3, fast metabolism 3, gourmand, regeneration 1,
shaggy fur 1, tough skin 2
a: no special abilities


You were on level 4 of the Dungeon.
You were completely stuffed.

You visited 1 branch of the dungeon, and saw 4 of its levels.

You collected 160 gold pieces.

Inventory:

Armour
 a - a +0 robe
 k - a +2 animal skin (worn)
Scrolls
 e - 3 scrolls of enchant weapon {unknown}
 j - 4 scrolls of identify {unknown}
 l - a scroll of noise {unknown}
 m - a scroll of random uselessness {unknown}
 n - a scroll of amnesia {unknown}
Potions
 f - 3 potions of flight {unknown}
 h - 3 potions of might {unknown}
 i - 2 potions of lignification {unknown}
Comestibles
 b - 3 bread rations
 c - a beef jerky
 d - 6 chunks of flesh
 g - a slice of pizza


   Skills:
 + Level 3.8 Fighting
 + Level 3.7 Dodging
 - Level 1.1 Stealth
 + Level 4.9 Unarmed Combat


You had 5 spell levels left.
You didn't know any spells.

Dungeon Overview and Level Annotations

Branches:
Dungeon (4/15)
 Temple: D:4-7

Altars:
Cheibriados


Innate Abilities, Weirdness & Mutations

You are too large for most types of armour.
You have claws for hands.
Your metabolism is lightning-fast.
You like to eat raw meat.
Your natural rate of healing is unusually fast.
You are covered in fur. (AC +1)
You have very tough skin. (AC +2)


Message History

The orc wizard gestures wildly while chanting.
The orc wizard seems to speed up.
The scorpion stings you but does no damage.
The orc hits you with a dagger. The orc hits you but does no damage.
You feel sick. The orc closely misses you.
The orc priest invokes the aid of Beogh against you.
Beogh smites you! The scorpion stings you.
You feel sick.
The orc wizard casts a spell.
The orc wizard blinks!
The orc hits you with a dagger.
The orc priest mumbles some strange prayers to Beogh against you.
Pain shoots through your body!
* * * LOW HITPOINT WARNING * * *
The orc priest looks braver for a moment.
You feel sick.
The orc wizard gestures wildly while chanting.
The orc wizard blinks!
The orc priest invokes the aid of Beogh against you.
Beogh smites you!
You die...

.....<...#.....
.....$...#.....
.........#!... +##
.......#.#............. ....
......#.#.#.#......... ....
.###....o..#.#........ .....
......o.o..#.........# .....
.......oos.@.##......##.....
......)..o...+ ............
..........$..######.........
.............#..............
.............#..............
.........#...#..............
........ยง#...#..............
##....................####..
..>................<...# .


You could see a scorpion, 2 orc priests and 4 orcs.

Vanquished Creatures
  An ogre (D:3)
  2 orc wizards (D:3)
  Robin (D:2)
  6 adders
  A worm (D:3)
  3 dart slugs
  3 leopard geckos
  4 orcs
  7 bats
  5 giant cockroaches
  22 goblins
  8 hobgoblins
  9 jackals (D:2)
  6 kobolds
  2 quokkas (D:3)
  7 frilled lizards
  6 rats
93 creatures vanquished.

Notes
Turn   | Place    | Note
-------+----------+-------------------------------------------
     0 | D:1      | galech the Troll Monk began the quest for the Orb.
     0 | D:1      | Reached XP level 1. HP: 22/22 MP: 0/0
   230 | D:1      | Reached XP level 2. HP: 29/29 MP: 1/1
   816 | D:1      | Reached XP level 3. HP: 36/36 MP: 2/2
  1098 | D:2      | Reached XP level 4. HP: 36/44 MP: 3/3
  1334 | D:2      | Noticed Robin
  1372 | D:2      | Killed Robin
  1372 | D:2      | Reached skill level 4 in Unarmed Combat
  1756 | D:3      | Found a snail-covered altar of Cheibriados.
  2081 | D:3      | Reached XP level 5. HP: 53/53 MP: 4/4
  2296 | D:3      | Noticed an ogre
  2304 | D:3      | Killed an ogre
  2377 | D:3      | Reached XP level 6. HP: 61/62 MP: 5/5
  2483 | D:4      | Killed from afar by an orc priest

Skill      XL: |  1  2  3  4 |
---------------+-------------+-----
Dodging        | 3 |  3.7
Fighting       | 3 |  3.8
Unarmed Combat | 4 |  4.9
Stealth        | |  1.1

Action                   |  1- 3 |  4- 6 || total
-------------------------+-------+-------++-------
Melee: Unarmed           |    89 |   140 ||   229
       Punch             |     1 |     2 ||     3
 Stab: Sleeping          |     3 |     5 ||     8
  Eat: Chunk             |    16 |    13 ||    29
Armor: Robe              |    24 |    20 ||    44
       Animal skin       |       |    34 ||    34
Dodge: Dodged            |    46 |    87 ||   133
